 Dungeon Crawl Stone Soup version 0.26-a0-487-gbff1e92059 (webtiles) character file.

Game seed: 13137317387733750651

2086 BeastOfSaturn the Thaumaturge (level 9, -1/57 HPs)
             Began as a Demonspawn Venom Mage on Aug 2, 2020.
             Was an Initiate of Ashenzari.
             Slain by a hornet (6 damage)
             ... on level 8 of the Dungeon.
             The game lasted 00:20:10 (9149 turns).

BeastOfSaturn the Thaumaturge (DsVM)                Turns: 9149, Time: 00:20:11

Health: -1/57      AC:  9    Str: 12    XL:     9   Next: 6%
Magic:  25/30      EV: 13    Int: 16    God:    Ashenzari [......]
Gold:   395        SH:  0    Dex: 20    Spells: 8/24 levels left

rFire    . . .     SeeInvis .   f - +0 dagger (venom)
rCold    . . .     Faith    .   (no shield)
rNeg     . . .     Spirit   .   a - +0 robe
rPois    .         Reflect  .   m - +0 helmet
rElec    .         Harm     .   (no cloak)
rCorr    .                      (no gloves)
MR       .....                  c - +1 pair of boots
Stlth    ++++......             (no amulet)
HPRegen  0.19/turn              h - ring of magical power
MPRegen  0.22/turn              g - +4 ring of protection

@: slowed, very slow
A: talons 2, thin skeletal structure 3, demonic guardian 1
a: Curse Item, Renounce Religion


You were on level 8 of the Dungeon.
You worshipped Ashenzari.
Ashenzari was noncommittal.
You visited 2 branches of the dungeon, and saw 9 of its levels.

You collected 395 gold pieces.

Inventory:

Hand Weapons
 f - a +0 dagger of venom (weapon)
Armour
 a - a +0 robe (worn)
 c - a +1 pair of boots (worn)
 i - a +0 buckler
 m - a +0 helmet (worn)
Jewellery
 g - a +4 ring of protection (right hand)
 h - a ring of magical power (left hand)
 y - an uncursed ring of see invisible
Wands
 v - a wand of digging (7)
Scrolls
 k - 6 scrolls of teleportation
 n - 2 scrolls of remove curse
 o - a scroll of fear {unknown}
 p - 7 scrolls of identify
 q - 2 scrolls of enchant armour {unknown}
 s - a scroll of fog {unknown}
 x - a scroll of random uselessness {unknown}
Potions
 b - 4 potions of degeneration {unknown}
 d - a potion of flight {unknown}
 e - a potion of berserk rage {unknown}
 j - 2 potions of magic
 l - a potion of ambrosia {unknown}
 r - 2 potions of heal wounds {unknown}
 t - a potion of curing
 u - a potion of cancellation {unknown}
 w - a potion of stabbing {unknown}
 z - a potion of might {unknown}
 A - a potion of brilliance {unknown}


   Skills:
 - Level 1.0 Short Blades
 - Level 2.0 Dodging
 - Level 1.7 Stealth
 * Level 3.5 Shields
 * Level 8.1 Spellcasting
 * Level 3.0 Conjurations
 * Level 2.3 Translocations
 - Level 0.8 Transmutations
 - Level 6.0 Poison Magic


You had 8 spell levels left.
You knew the following spells:

 Your Spells              Type           Power        Failure   Level
a - Sting                 Tmut/Pois      ###.         2%          1
b - Poisonous Vapours     Pois/Air       ###...       4%          2
c - Mephitic Cloud        Conj/Pois/Air  ###.....     10%         3
d - Olgreb's Toxic Radia  Pois           ####....     10%         4
e - Blink                 Tloc           N/A          6%          2
f - Sticky Flame          Conj/Fire      ##......     52%         4

Your spell library contained the following spells:

 Spells                   Type           Power        Failure   Level
 Magic Dart               Conj           ###.         3%          1
 Foxfire                  Conj/Fire      ##..         6%          1
 Corona                   Hex            #......      11%         1
 Pain                     Necr           #...         11%         1
 Sandblast                Erth           #.....       11%         1
 Ignite Poison            Fire/Tmut/Pois ##......     13%         3
 Passwall                 Tmut/Erth      #.......     14%         2
 Call Imp                 Summ           #.......     17%         2
 Slow                     Hex            #.......     17%         2
 Conjure Flame            Conj/Fire      ##......     19%         3
 Stone Arrow              Conj/Erth      ##....       19%         3
 Portal Projectile        Hex/Tloc       ##....       21%         3
 Inner Flame              Hex/Fire       #.......     32%         3
 Petrify                  Tmut/Erth      #.......     67%         4
 Cause Fear               Hex            #.........   73%         4
 Leda's Liquefaction      Hex/Erth       #.........   73%         4
 Lee's Rapid Deconstruct  Erth           #.........   97%         5
 Simulacrum               Ice/Necr       #.........   100%        6
 Starburst                Conj/Fire      ##........   100%        6


Dungeon Overview and Level Annotations

Branches:
Dungeon (8/15)             Temple (1/1) D:5
   Lair: D:8-11

Altars:
Ashenzari
Cheibriados
Dithmenos
Elyvilon
Fedhas
Gozag
Hepliaklqana
Kikubaaqudgha
Makhleb
Nemelex Xobeh
Okawaru
Qazlal
Ru
Sif Muna
Trog
Uskayaw
Xom
Yredelemnul
The Shining One

Annotations:
D:3 1 runed translucent door, glosham's ghost, novice PaDe
D:8 Psyche


Innate Abilities, Weirdness & Mutations

You have razor-sharp toenails.
You have an unnaturally thin skeletal structure. (Dex +6, Stealth++)
A weak demonic guardian rushes to your aid.


Message History

Your quasit barely misses the hornet.
Something hits your shadow imp. Something burns your shadow imp.
Your quasit bites something but does no damage.
Your quasit misses something. x2
Your magical contamination has completely faded away.
Something closely misses your shadow imp.
A magic dart appears from out of thin air!
The magic dart hits your shadow imp.
Your shadow imp dies!
Casting: Poisonous Vapours (safe; 4% risk of failure)
Confirm with . or Enter, or press ? or * to list all spells.
You begin to radiate toxic energy.
The hornet is poisoned.
The hornet looks even sicker.
Your quasit closely misses something.
Your quasit barely misses something. x2; The hornet stings you!
* * * LOW HITPOINT WARNING * * *
You feel yourself slow down.
The hornet looks even sicker.
Your toxic aura wanes.
The hornet stings you.
You die...

..P.P....... ..# #
.PPP...P.#(# #.# ### #
..P.......# #.# #.# # #
.....###.###.##.#.## #. #.#
#........#.# #.#
###.######.###....####.## ##.
........5...##.##.#####<###.#
.......(.Z..5.###........#...
....#.)5..#y@.##...######.###
# #.###.#......#....# #.# #.
Z.#........##.# #.# Z
#.....#....## # #.# ##
#$###.#.....# #.#
#....†#..../# #.# (.
#.....#...# #.# ##
#$###.#..$...##.# #.
..#......#


You could see a hornet (very poisoned), a shadow imp, a wyvern zombie and a
friendly white imp (summoned).

Vanquished Creatures
  An orc warrior (D:6)
  2 sky beasts (D:6)
  An ice beast (D:7)
  2 ogres
  2 centaurs
  A big kobold (D:7)
  3 scorpions
  2 howler monkeys
  A bullfrog zombie (D:7)
  2 hounds
  2 centaur zombies
  4 orc priests
  4 orc wizards
  4 worker ants
  2 iguanas
  A howler monkey zombie (D:6)
  Robin (D:2)
  2 worker ant zombies
  A howler monkey skeleton (D:6)
  8 adders
  A shadow imp (D:5)
  2 white imps
  An ufetubus (D:6)
  2 oozes
  2 adder skeletons (D:4)
  7 worms
  3 dart slugs
  2 leopard geckos
  24 orcs
  A ball python (D:1)
  6 giant cockroaches
  13 goblins
  5 hobgoblins
  8 jackals
  7 quokkas
  5 bats
  5 frilled lizards
  A jackal zombie (D:7)
  15 kobolds
  A quokka zombie (D:7)
  5 rats
162 creatures vanquished.

Vanquished Creatures (collateral kills)
  A hippogriff (D:6)
  A water moccasin (D:5)
  An ogre (D:6)
  A jelly (D:6)
  A worker ant (D:4)
  A giant cockroach (D:6)
6 creatures vanquished.

Grand Total: 168 creatures vanquished

Notes
Turn   | Place    | Note
-------+----------+-------------------------------------------
     0 | D:1      | BeastOfSaturn the Demonspawn Venom Mage began the quest for
                  | the Orb.
     0 | D:1      | Reached XP level 1. HP: 13/13 MP: 3/3
   369 | D:1      | Gained mutation: You have a somewhat thin skeletal
                  | structure. (Dex +2, Stealth) [demonic ancestry]
   369 | D:1      | Reached XP level 2. HP: 17/19 MP: 5/5
   572 | D:1      | Learned a level 2 spell: Poisonous Vapours
  1094 | D:2      | Gained mutation: You have sharp toenails. [demonic
                  | ancestry]
  1094 | D:2      | Reached XP level 3. HP: 24/24 MP: 7/7
  1760 | D:2      | Reached skill level 1 in Shields
  1896 | D:2      | Noticed Robin
  1902 | D:2      | Killed Robin
  1902 | D:2      | Gained mutation: You have razor-sharp toenails. [demonic
                  | ancestry]
  1902 | D:2      | Reached XP level 4. HP: 25/30 MP: 6/8
  1912 | D:2      | Reached skill level 3 in Spellcasting
  2127 | D:3      | Learned a level 3 spell: Mephitic Cloud
  2214 | D:3      | Gained mutation: A weak demonic guardian rushes to your
                  | aid. [demonic ancestry]
  2214 | D:3      | Reached XP level 5. HP: 33/35 MP: 1/10
  3153 | D:3      | Found a runed translucent door.
  3156 | D:3      | Noticed glosham's ghost (novice PaDe)
  3582 | D:4      | Learned a level 4 spell: Olgreb's Toxic Radiance
  3631 | D:4      | Reached skill level 4 in Spellcasting
  3631 | D:4      | Gained mutation: You have a moderately thin skeletal
                  | structure. (Dex +4, Stealth+) [demonic ancestry]
  3631 | D:4      | Reached XP level 6. HP: 27/41 MP: 12/12
  3637 | D:4      | Reached skill level 5 in Poison Magic
  3780 | D:4      | Reached skill level 1 in Short Blades
  4153 | D:4      | Identified the Disquisition on the Twisted Blaze
  4392 | D:4      | Reached XP level 7. HP: 44/46 MP: 14/14
  4440 | D:4      | Found a shimmering altar of Xom.
  4579 | D:5      | Entered Level 5 of the Dungeon
  4779 | D:5      | Reached skill level 5 in Spellcasting
  5308 | D:5      | Found a staircase to the Ecumenical Temple.
  5325 | Temple   | Entered the Ecumenical Temple
  5442 | Temple   | Became a worshipper of Ashenzari the Shackled
  5515 | D:5      | Learned a level 2 spell: Blink
  5520 | D:5      | Learned a level 4 spell: Sticky Flame
  5926 | D:6      | Noticed a hippogriff
  5929 | D:6      | Killed a hippogriff
  5929 | D:6      | Reached skill level 1 in Conjurations
  6263 | D:6      | Reached skill level 6 in Spellcasting
  6263 | D:6      | Reached skill level 1 in Translocations
  6263 | D:6      | Reached XP level 8. HP: 52/52 MP: 17/17
  7054 | D:6      | Noticed Maggie
  7400 | D:6      | Reached skill level 7 in Spellcasting
  8458 | D:7      | Noticed a green ugly thing
  9055 | D:8      | Reached skill level 8 in Spellcasting
  9055 | D:8      | Gained mutation: You have an unnaturally thin skeletal
                  | structure. (Dex +6, Stealth++) [demonic ancestry]
  9055 | D:8      | Reached XP level 9. HP: 57/57 MP: 21/21
  9142 | D:8      | Noticed Psyche
  9149 | D:8      | Slain by a hornet

Illustrated notes

Levels and vault maps discovered:
D:1:      eino_arrival_water_cross, layout_basic
D:2:      layout_basic, uniq_robin
D:3:      layout_basic, hellmonk_ghost_happy_afterlife
D:4:      layout_loops_ring, kennysheep_mini, grunt_decor_mini_mirrors
D:5:      layout_gridville, minmay_temple_entry_stoned_glass
D:6:      layout_basic, minmay_holes, uniq_maggie
D:7:      layout_basic
D:8:      hangedman_cross_stitches, layout_loops_ring, lemuel_doored_altar,
          grunt_lair_entry_orc_guard_hut, ebering_ghost_gozag, uniq_psyche
Temple:   regret_index_temple_chain_breaker

Skill      XL: |  1  2  3  4  5  6  7  8  9 |
---------------+----------------------------+-----
Shields        | 1 2 3 |  3.5
Spellcasting   | 3 4 6 8 |  8.1
Dodging        | 2 |  2.0
Poison Magic   | 4 5 6 |  6.0
Short Blades   | 1 |  1.0
Conjurations   | 1 2 3 |  3.0
Translocations | 1 2 |  2.3
Stealth        | |  1.7
Transmutations | |  0.8

Action                   |  1- 3 |  4- 6 |  7- 9 || total
-------------------------+-------+-------+-------++-------
Melee: Unarmed           |    10 |       |       ||    10
       Dagger            |    30 |   123 |   233 ||   386
       Kick              |     7 |    29 |    67 ||   103
 Cast: Sting             |    20 |     1 |     2 ||    23
       Poisonous Vapours |    16 |    44 |    20 ||    80
       Olgreb's Toxic Ra |       |       |    13 ||    13
       Mephitic Cloud    |       |       |     3 ||     3
  Use: Scroll            |     3 |     2 |     1 ||     6
       Potion            |       |       |     1 ||     1
 Stab: Sleeping          |     6 |     3 |     4 ||    13
       Distracted        |       |       |     1 ||     1
       Confused          |       |       |     1 ||     1
Armor: Robe              |     6 |    39 |    73 ||   118
Dodge: Dodged            |    28 |    47 |   119 ||   194

Table legend: (Time is in decaauts)
 A = Elapsed time spent in this place.
 B = Non-inter-level travel time spent in this place.
 C = Inter-level travel time spent in this place.
 D = Time resting spent in this place.
 E = Time spent auto-exploring this place.
 F = Levels seen in this place.
 G = Mean time per level.
                   A        B        C        D        E       F      G
               +--------+--------+--------+--------+--------+-----+--------+
         Total |   9134 |   8885 |    249 |   2433 |   5314 |   9 | 1014.9 |
       Dungeon |   8996 |   8767 |    229 |   2433 |   5203 |   8 | 1124.5 |
        Temple |    137 |    117 |     20 |      0 |    111 |   1 |  137.0 |
               +--------+--------+--------+--------+--------+-----+--------+

Top non-repeatable levels by time:
     D:6: 2003 daAuts
     D:5: 1534 daAuts
     D:3: 1435 daAuts
     D:2: 1242 daAuts
     D:4: 1018 daAuts
     D:1: 879 daAuts
     D:7: 781 daAuts
  Temple: 137 daAuts
     D:8: 102 daAuts
